 Dungeon Sprint DCSS version 0.31-a0-496-g6f97920a28 (webtiles) character file.

Game seed: 13053374176493319893

286774 Midn8 the Wrestler (level 13, 228/228 HPs)
             Began as a Troll Berserker on Aug 8, 2023.
             Was the Champion of Trog.
             Escaped with the Orb!
             The game lasted 00:18:15 (3188 turns).

Midn8 the Wrestler (Troll Berserker)                Turns: 3188, Time: 00:18:15

Health: 228/228    AC: 12    Str: 38    XL:     13   Next: 33%
Magic:  12/12      EV: 12    Int:  5    God:    Trog [******]
Gold:   2505       SH:  0    Dex: 17    Spells: 12/12 levels left

rFire   + .          .
                       - Unarmed
rCold   . . .        (shield currently unavailable)
rNeg    . . .        a - melded +0 animal skin
rPois   +            o - melded +1 hat {Will+}
rElec   .            (cloak currently unavailable)
rCorr   .            (gloves unavailable)
SInv    .            (boots unavailable)
Will    .....        (no amulet)
Stlth   +            g - +6 ring of dexterity
HPRegen 1.38/turn    y - ring of ice
MPRegen 0.13/turn

%: no teleportation, random rage (9%)
@: dragon-form, on berserk cooldown, flying, slowed, very slow
A: dragon claw, dragon scales, breathe fire, flying, boosted hp, giant,
unfitting armour, (claws 3), regeneration 1, (shaggy fur 1), (tough skin 1),
(camouflage 1), berserk 2
0: Orb of Zot
a: Breathe Fire, Begin Untransformation, Renounce Religion, Berserk, Trog's
Hand, Brothers in Arms


You escaped.
You worshipped Trog.
Trog was exalted by your worship.
You were a fearsome dragon!
You visited 1 branch You collected 4203 gold pieces.
You spent 1698 gold pieces at shops.

Inventory:

Missiles
 j - 2 curare-tipped darts
Armour
 a - a +0 animal skin (melded)
 o - a +1 hat of willpower (melded)
Jewellery
 g - a +6 ring of dexterity (left foreclaw)
 p - a +6 ring of intelligence
 x - a ring of wizardry
 y - a ring of ice (right foreclaw)
Talismans
 n - a dragon-blood talisman (active)
Wands
 h - a wand of paralysis (14)
 u - a wand of flame (19)
Scrolls
 i - 2 scrolls of fog {unknown}
 q - 2 scrolls of enchant armour {unknown}
 s - a scroll of revelation {unknown}
 v - a scroll of identify {unknown}
Potions
 b - 5 potions of curing
 c - 2 potions of heal wounds
 d - a potion of haste
 e - 2 potions of magic
 f - a potion of berserk rage
 k - 2 potions of enlightenment {unknown}
 l - a potion of might {unknown}
 m - a potion of degeneration {unknown}
 r - a potion of brilliance {unknown}
 t - a potion of ambrosia {unknown}


   Skills:
 + Level 16.0 Fighting
 - Level 10.0 Dodging
 + Level 23.1 Unarmed Combat
 - Level 15.0 Shapeshifting


You had 12 spell levels left.
You didn't know any spells.
Your spell library was empty.

Dungeon Overview and Level Annotations

Branches:
Dungeon (1/1)

Altars:
Cheibriados
Dithmenos
Elyvilon
Fedhas
Gozag
Hepliaklqana
Kikubaaqudgha
Makhleb
Nemelex Xobeh
Okawaru
Qazlal
Ru
Sif Muna
Trog
Uskayaw
Vehumet
Wu Jian
Xom
Yredelemnul
Zin
The Shining One
Jiyva
Lugonu

Shops:
D *[?([**:?([*([*=![=[[(

Annotations:
D 1 exclusion, Tiamat


Innate Abilities, Weirdness & Mutations

You are a fearsome dragon!
You have a powerful clawing attack.
Your giant scaled body is strong and resiliant, but less evasive.
You can breathe fire.
You are flying.
Your maximum health is greatly increased.
Your armour is entirely melded.
You are incapable of wielding weapons or throwing items.
You are too large for most types of armour.
((You have claws for hands.))
Your natural rate of healing is unusually fast.
((You are covered in fur. (AC +1)))
((You have tough skin. (AC +1)))
((Your skin changes colour to match your surroundings (Stealth+).))
You have an uncontrollable temper.


Message History

a +0 dagger; a +0 robe You completely miss the hell hog.
You bite the hell hog!
The hell hog is lightly wounded.
The hell hog bites you but does no damage.
You barely miss the hell hog. You bite the hell hog!
The hell hog is heavily wounded.
You completely miss the hell hog.
A red film seems to cover your vision as you go berserk!
You feel yourself moving faster!
You feel mighty!
You maul the hell hog!!!!
You kill the hell hog!
Trog accepts your kill.
You maul the hell hog!!!!
You kill the hell hog!
Trog accepts your kill.
Your Unarmed Combat skill increases to level 23!
The hell hog bites you.
Things that are here:
a hell hog corpse; a hell hog corpse You maul the hell hog!!!!
You kill the hell hog!
Trog accepts your kill.
Your Fighting skill increases to level 16!
There is an open door here.
Things that are here:
a +4 heavy lajatang; a hell hog corpse You feel a strong urge to attack something.
You are no longer berserk.
You are exhausted.
You feel yourself slow down.
There is an open door here.
There is an open door here.
There is an open door here.
There is an open door here.
You see here a +0 giant spiked club.
There is an open door here.
Things that are here:
a +0 dagger; a +2 scale mail of positive energy
There is an open door here.
There is a staircase leading out of the dungeon here.
You have escaped!

##################
#D.#.)').#.)'..#__
#..'..#..'..#..'..
#..#####'#####'#__
#..####..#...#[###
#..#__####..##)#§§
#..#_____##'#_.'§~
#⌠⌠#_.∩...'.)._#§§
####_..__##_.#'##§
#_____###'#.#.§


There were no monsters in sight!

Vanquished Creatures
  the Lernaean hydra (D)
  A golden dragon (D)
  A Brimstone Fiend (D)
  A deep elf master archer (D)
  A shadow dragon (D)
  4 fire giants (D)
  A lorocyproca (D)
  A deep elf annihilator (D)
  A mummy priest (D)
  A hydra (D)
  2 centaur warriors (D)
  4 demonic crawlers (D)
  3 hell hogs (D)
  Sonja (D)
  A deep troll (D)
  A lindwurm (D)
  8 shining eyes (D)
  2 oklob plants (D)
  2 merfolk sirens (D)
  2 gargoyles (D)
  2 kobold demonologists (D)
  7 unseen horrors (D)
  A hellwing (D)
  5 hornets (D)
  Sigmund (D)
  A slime creature (D)
  13 hogs (D)
  A yak (D)
  2 redbacks (D)
  7 floating eyes (D)
  An ogre (D)
  7 necrophages (D)
  8 jellies (D)
  Ijyb (D)
96 creatures vanquished.

Vanquished Creatures (others)
  2 ballistomycete spores (D)
2 creatures vanquished.

Grand Total: 98 creatures vanquished

Notes
Turn   | Place    | Note
-------+----------+-------------------------------------------
     0 | D        | Midn8 the Troll Berserker began the quest for the Orb.
     0 | D        | Reached XP level 1. HP: 22/22 MP: 0/0
     2 | D        | Noticed Ijyb
     6 | D        | Paralysed by Ijyb for 2 turns
    10 | D        | Killed Ijyb
    11 | D        | Reached skill level 5 in Unarmed Combat
    11 | D        | Reached XP level 2. HP: 31/31 MP: 1/1
    54 | D        | Noticed an ogre
    58 | D        | Killed an ogre
    59 | D        | Reached skill level 5 in Fighting
    59 | D        | Reached skill level 8 in Unarmed Combat
    59 | D        | Reached XP level 3. HP: 42/42 MP: 2/2
    59 | D        | Reached XP level 4. HP: 50/50 MP: 3/3
   116 | D        | Noticed Sigmund
   118 | D        | Killed Sigmund
   118 | D        | Reached ** piety under Trog
   119 | D        | Reached skill level 10 in Unarmed Combat
   119 | D        | Reached XP level 5. HP: 61/61 MP: 4/4
   119 | D        | Reached XP level 6. HP: 68/68 MP: 5/5
   131 | D        | Found an ornate altar of the Wu Jian Council.
   131 | D        | Found a shimmering blue altar of Sif Muna.
   133 | D        | Found a radiant altar of Vehumet.
   133 | D        | Identified the +8 chain mail of Leapfrog {-Cast rElec
                  | rCorr}
   137 | D        | Reached skill level 11 in Unarmed Combat
   154 | D        | Found a burning altar of Makhleb.
   154 | D        | Found a viscous altar of Jiyva.
   154 | D        | Found a shimmering altar of Xom.
   154 | D        | Found a corrupted altar of Lugonu.
   154 | D        | Noticed a slime creature
   158 | D        | Killed a slime creature
   159 | D        | Reached skill level 12 in Unarmed Combat
   217 | D        | Found Cyplun's Antique Weapon Emporium.
   217 | D        | Found an ancient bone altar of Kikubaaqudgha.
   217 | D        | Found a hazy altar of Hepliaklqana.
   217 | D        | Found a hide-covered altar of Uskayaw.
   217 | D        | Found a basalt altar of Yredelemnul.
   217 | D        | Found an opulent altar of Gozag.
   217 | D        | Found a snail-covered altar of Cheibriados.
   217 | D        | Found a sacrificial altar of Ru.
   217 | D        | Found a shadowy altar of Dithmenos.
   217 | D        | Noticed a yak
   218 | D        | Found a stormy altar of Qazlal.
   218 | D        | Found a blossoming altar of Fedhas.
   218 | D        | Found a bloodstained altar of Trog.
   218 | D        | Found an iron altar of Okawaru.
   218 | D        | Found a glowing golden altar of the Shining One.
   218 | D        | Found a glowing silver altar of Zin.
   218 | D        | Found a white marble altar of Elyvilon.
   221 | D        | Killed a yak
   222 | D        | Reached XP level 7. HP: 74/80 MP: 6/6
   222 | D        | Found a sparkling altar of Nemelex Xobeh.
   233 | D        | Noticed Sonja
   237 | D        | Killed Sonja
   237 | D        | Reached *** piety under Trog
   238 | D        | Reached skill level 14 in Unarmed Combat
   238 | D        | Reached XP level 8. HP: 58/92 MP: 7/7
   285 | D        | Found Uruchunu's Assorted Antiques.
   305 | D        | Noticed a deep troll
   309 | D        | Killed a deep troll
   310 | D        | Reached skill level 10 in Fighting
   310 | D        | Reached skill level 15 in Unarmed Combat
   417 | D        | Noticed a centaur warrior
   417 | D        | Noticed a centaur warrior
   427 | D        | Killed a centaur warrior
   428 | D        | Reached skill level 16 in Unarmed Combat
   428 | D        | Reached XP level 9. HP: 43/102 MP: 8/8
   429 | D        | Killed a centaur warrior
   429 | D        | Reached **** piety under Trog
   430 | D        | Reached skill level 17 in Unarmed Combat
   486 | D        | Identified the +7 war axe of the Desert {freeze, Str-5
                  | Dex+3 Stlth+}
   508 | D        | Noticed an oklob plant
   511 | D        | Killed an oklob plant
   512 | D        | Reached skill level 18 in Unarmed Combat
   558 | D        | Noticed a kobold demonologist
   558 | D        | Noticed a kobold demonologist
   559 | D        | Paralysed by a floating eye for 3 turns
   562 | D        | Noticed a rust devil
   564 | D        | Noticed an orange demon
   570 | D        | Killed a kobold demonologist
   570 | D        | Reached ***** piety under Trog
   570 | D        | Received a gift from Trog
   573 | D        | Killed a kobold demonologist
   574 | D        | Reached XP level 10. HP: 115/115 MP: 9/9
   619 | D        | Noticed a demonic crawler
   619 | D        | Noticed a demonic crawler
   619 | D        | Noticed a demonic crawler
   619 | D        | Noticed a demonic crawler
   624 | D        | Killed a demonic crawler
   625 | D        | Reached skill level 19 in Unarmed Combat
   627 | D        | Killed a demonic crawler
   633 | D        | Killed a demonic crawler
   634 | D        | Reached skill level 20 in Unarmed Combat
   638 | D        | Killed a demonic crawler
   830 | D        | Found Hehuja's Armour Emporium.
   972 | D        | Received a gift from Trog
  1122 | D        | Reached skill level 21 in Unarmed Combat
  1179 | D        | Reached ****** piety under Trog
  1192 | D        | Received a gift from Trog
  1229 | D        | Reached XP level 11. HP: 115/125 MP: 10/10
  1229 | D        | Identified the +3 scale mail "Selok" {Rampage rC+ Dex+3}
  1240 | D        | Found Nyiwicva's Book Shoppe.
  1240 | D        | Found Kesh's General Store.
  1240 | D        | Found Mamiqotu's Magic Scroll Boutique.
  1242 | D        | Found Ypsac's Weapon Emporium.
  1242 | D        | Found Zoacwe's Antique Armour Shop.
  1242 | D        | Found Zayfedenu's Assorted Antiques.
  1242 | D        | Found Pedwaejo's Weapon Boutique.
  1242 | D        | Found Lustrelask's Antique Armour Emporium.
  1242 | D        | Found Liyk's General Store.
  1242 | D        | Found Waschifo's Jewellery Shoppe.
  1246 | D        | Found Nenuh's Distillery.
  1247 | D        | Found Hepipper's Jewellery Emporium.
  1247 | D        | Found Huotoiweul's Antique Armour Boutique.
  1248 | D        | Found Cadgh's Armour Emporium.
  1255 | D        | Bought a dragon-blood talisman for 1040 gold pieces
  1257 | D        | Bought a +1 hat of willpower for 208 gold pieces
  1324 | D        | Noticed a lindwurm
  1327 | D        | Killed a lindwurm
  1379 | D        | Reached skill level 5 in Shapeshifting
  1383 | D        | Received a gift from Trog
  1394 | D        | Received a gift from Trog
  1441 | D        | Noticed a 12-headed hydra
  1516 | D        | Killed a 14-headed hydra
  1696 | D        | Killed a lorocyproca
  1697 | D        | Reached skill level 10 in Shapeshifting
  1780 | D        | Noticed a deep elf annihilator
  1833 | D        | Killed a deep elf annihilator
  1885 | D        | Noticed a mummy priest
  1886 | D        | Noticed an oklob plant
  1891 | D        | Killed a mummy priest
  1892 | D        | Killed an oklob plant
  1937 | D        | Noticed the 27-headed Lernaean hydra
  1943 | D        | Killed the 27-headed Lernaean hydra
  1944 | D        | Reached XP level 12. HP: 98/136 MP: 11/11
  2059 | D        | Noticed a deep elf master archer
  2063 | D        | Killed a deep elf master archer
  2064 | D        | Reached skill level 15 in Shapeshifting
  2216 | D        | Noticed a shadow dragon
  2216 | D        | Noticed a golden dragon
  2221 | D        | Killed a shadow dragon
  2221 | D        | Received a gift from Trog
  2225 | D        | Killed a golden dragon
  2279 | D        | Found Yroek's Antique Weapon Shoppe.
  2324 | D        | Noticed a daeva
  2475 | D        | Noticed a fire giant
  2477 | D        | Noticed a fire giant
  2477 | D        | Noticed a fire giant
  2479 | D        | Noticed a fire giant
  2481 | D        | Killed a fire giant
  2481 | D        | Received a gift from Trog
  2482 | D        | Reached skill level 10 in Dodging
  2486 | D        | Killed a fire giant
  2490 | D        | Killed a fire giant
  2493 | D        | Killed a fire giant
  2613 | D        | Paralysed by a floating eye for 2 turns
  2618 | D        | Paralysed by a floating eye for 2 turns
  2622 | D        | Paralysed by a floating eye for 3 turns
  2628 | D        | Paralysed by a floating eye for 4 turns
  2636 | D        | Paralysed by a floating eye for 4 turns
  2640 | D        | Received a gift from Trog
  2651 | D        | Paralysed by a floating eye for 4 turns
  2659 | D        | Reached skill level 22 in Unarmed Combat
  2659 | D        | Reached XP level 13. HP: 148/148 MP: 12/12
  2662 | D        | Gained mutation: Your skin changes colour to match your
                  | surroundings (Stealth+). [a shining eye]
  2710 | D        | Gained mutation: You sometimes lose your temper in combat.
                  | [a shining eye]
  2712 | D        | Gained mutation: You have an uncontrollable temper. [a
                  | shining eye]
  2713 | D        | Reached skill level 15 in Fighting
  2816 | D        | Paralysed by a floating eye for 3 turns
  2840 | D        | Paralysed by a floating eye for 4 turns
  2847 | D        | Paralysed by a floating eye for 3 turns
  2853 | D        | Identified the +5 quarterstaff of Hocreqa {flame, Will+
                  | Str-3 Dex+5 SInv} (Trog gifted it to you in the Dungeon)
  2853 | D        | Received a gift from Trog
  2864 | D        | Found Wafekh's Antique Armour Shoppe.
  2864 | D        | Found Nizuasyn's Antique Armour Shop.
  2864 | D        | Found Kekumiyn's Magic Scroll Emporium.
  2864 | D        | Found Wextol's Assorted Antiques.
  2871 | D        | Bought a scroll of blinking for 90 gold pieces
  2882 | D        | Bought a moonstone ring for 135 gold pieces
  2882 | D        | Bought a ruby ring for 135 gold pieces
  3037 | D        | Bought a scroll of blinking for 90 gold pieces
  3118 | D        | Got the Orb of Zot
  3118 | D        | Found the +4 dragonskin cloak
  3118 | D        | Noticed Tiamat
  3125 | D        | Noticed a Brimstone Fiend
  3130 | D        | Killed a Brimstone Fiend
  3164 | D        | Reached skill level 23 in Unarmed Combat
  3188 | D        | Escaped with the Orb!

Illustrated notes

Levels and vault maps discovered:
D:        dungeon_sprint_1 [red_sonja_temple_1, red_sonja_temple_small_1]

Skill      XL: |  1  2  3  4  5  6  7  8  9 10 11 12 13 |
---------------+----------------------------------------+-----
Fighting       | 3 5 6 8 9 10 11 13 14 16 | 16.0
Unarmed Combat | 5 8 10 12 14 16 18 21 22 23 | 23.1
Shapeshifting  | 14 15 | 15.0
Dodging        | 10 | 10.0

Action                     |  1- 3 |  4- 6 |  7- 9 | 10-12 | 13-15 || total
---------------------------+-------+-------+-------+-------+-------++-------
  Melee: Unarmed           |     6 |     9 |    24 |   157 |    23 ||   219
         Punch             |       |       |     3 |    22 |     1 ||    26
         Tailslap          |       |       |       |     9 |     2 ||    11
         Bite              |       |       |       |     8 |     3 ||    11
 Invoke: Berserk           |     2 |     1 |     3 |     6 |       ||    12
         Brothers in Arms  |       |       |       |     5 |       ||     5
         Trog's Hand       |       |       |       |     1 |       ||     1
Ability: Breathe Fire      |       |       |       |     5 |       ||     5
  Evoke: Wand              |       |       |     3 |     1 |       ||     4
    Use: Scroll            |       |       |       |     1 |     2 ||     3
   Stab: Sleeping          |       |     1 |     1 |     1 |       ||     3
         Paralysed         |       |       |     1 |       |       ||     1
 Armour: Animal skin       |     2 |     1 |    10 |    22 |       ||    35
         Skin              |       |       |       |    33 |     2 ||    35
  Dodge: Dodged            |     1 |     2 |    12 |    59 |       ||    74
   Form: Dragon            |       |       |       |     1 |       ||     1

Table legend: (Time is in decaauts)
 A = Elapsed time spent in this place.
 B = Non-inter-level travel time spent in this place.
 C = Inter-level travel time spent in this place.
 D = Time resting spent in this place.
 E = Time spent auto-exploring this place.
 F = Levels seen in this place.
 G = Mean time per level.
                   A        B        C        D        E       F      G
               +--------+--------+--------+--------+--------+-----+--------+
         Total |   3157 |   2797 |    360 |   1210 |      7 |   1 | 3157.0 |
       Dungeon |   3157 |   2797 |    360 |   1210 |      7 |   1 | 3157.0 |
               +--------+--------+--------+--------+--------+-----+--------+

Top non-repeatable levels by time:
       D: 3157 daAuts
